[Event "Susha Chess Rapid Women 2022"]
[Site "Shusha"]
[Date "2022.09.22"]
[Round "3.1"]
[White "Fataliyeva, Ulviyya"]
[Black "Beydullayeva, Govhar"]
[Result "0-1"]
[ECO "A45"]
[WhiteElo "2408"]
[BlackElo "2346"]
[Annotator "TA"]
[PlyCount "62"]
[EventDate "2022.09.21"]
[EventType "tourn"]
[EventCountry "AZE"]
[SourceTitle "playchess.com"]
[Source "ChessBase"]
[SourceQuality "1"]
[TimeControl "900+10"]

1. d4 Nf6 2. Bg5 d5 3. e3 c5 4. Bxf6 gxf6 5. dxc5 e5 (5... Nc6 $11) 6. Nc3 $14 {[%emt 0:00:04] D00: 1 d4 d5: Unusual lines.} Be6 7. Qf3 e4 8. Qh5 {[%emt 0:00:01] [#] 0-0-0 is the strong threat. White is better.} Nc6 $146 ({Predecessor:} 8... f5 9. O-O-O Qd7 10. Bc4 dxc4 11. Rxd7 Nxd7 12. Nh3 O-O-O 13. Ng5 Ne5 14. Nxe6 fxe6 15. Nxe4 {1-0 (22) Grigorov,G (2507)-Samoun,F (2306) Riga 2021}) 9. O-O-O {[%emt 0:00:26] aiming for Bc4.} Qa5 10. Nxd5 $2 (10. Rxd5 $16 {stays on course. Strongly threatening Bb5.} Bxd5 11. Qxd5 Qxc5 12. Qxe4+ (12. Nxe4 Qxc2+ 13. Kxc2 Nb4+ 14. Kb1 Nxd5 $14) 12... Qe5 13. Qf3) 10... O-O-O $17 11. Nc3 (11. Nxf6 $2 Bg7 12. a3 (12. Qg5 $2 Qxa2 13. Rd6 Qa1+ 14. Kd2 Qa5+ 15. Kd1 Rxd6+ 16. cxd6 Qxg5 $19) 12... Rxd1+ 13. Qxd1 Rd8 $19) (11. Bc4 $17 Ne5 12. Bb3) 11... Rxd1+ $2 (11... Bxc5 $19 {is more deadly.} 12. Kb1 Rxd1+ 13. Qxd1 Ne5) 12. Kxd1 $2 (12. Qxd1 $17 Bxc5 13. Kb1 (13. Nxe4 Rd8 $17)) 12... f5 {[%emt 0:00:36] White must now prevent ...Bg7.} 13. Bb5 (13. Bc4 {was worth a try.} Bxc4 14. Qxf5+ Kb8 15. Qxe4 Bxa2 16. Qf4+ Ka8 17. Qa4 Qxa4 18. Nxa4) 13... Bg7 $19 14. Nge2 {[%emt 0:00:27] [#]} Rd8+ $2 (14... Nb4 $1 $19 15. a4 a6) 15. Kc1 $15 {[%emt 0:00:08] And now Bxc6 would win.} Nb4 16. a3 Nd5 $1 17. Nxd5 Bxd5 $40 {[%emt 0:00:45][%mdl 128] Black attacks. A strong pair of Bishops.} ({Don't take} 17... Rxd5 18. Bc4 Rd8 19. Bxe6+ fxe6 20. Qf7 $16 (20. Qxh7 Qd2+ 21. Kb1 Bxb2 $16)) 18. a4 (18. Nd4 $15 Bxd4 19. exd4 Qxb5 20. Qxf5+ Kb8 21. Qf6) 18... a6 19. Nd4 (19. Qxh7 $17 {was called for.} Bh8 20. Be8 (20. Qxf5+ Be6 $17) 20... Rxe8 21. Qxf5+ Be6 22. Qxe4) 19... Bxd4 20. exd4 axb5 21. Qxf5+ Be6 22. Qxe4 Qxa4 23. c3 Qa1+ 24. Qb1 Qxb1+ 25. Kxb1 $19 {[%emt 0:00:01][%mdl 4096] Endgame KRB-KR} Bd5 26. Re1 Bxg2 27. Re7 {[%emt 0:00:07] [#]} (27. Ka2 {was the only chance.}) 27... Bd5 $1 28. Kc2 Be6 29. Kd3 Rd5 30. Ke4 Rh5 {[%emt 0:00:15] Threatens to win with ...Kd8.} 31. b4 $2 (31. Kf3) 31... Kd8 {[%emt 0:00:03] Weighted Error Value: White=0.95/Black=0.28 (precise)} 0-1

[Event "Susha Chess Rapid Women 2022"]
[Site "Shusha"]
[Date "2022.09.22"]
[Round "3.2"]
[White "Arabidze, Meri"]
[Black "Zawadzka, Jolanta"]
[Result "1-0"]
[ECO "D43"]
[WhiteElo "2422"]
[BlackElo "2401"]
[Annotator "TA"]
[PlyCount "84"]
[EventDate "2022.09.21"]
[EventType "tourn"]
[EventCountry "AZE"]
[SourceTitle "playchess.com"]
[Source "ChessBase"]
[SourceQuality "1"]
[TimeControl "900+10"]

1. d4 d5 2. c4 e6 3. Nf3 Nf6 4. Nc3 c6 5. g3 dxc4 6. Bg2 b5 7. O-O Nbd7 (7... Bb7 {seems wilder.} 8. Ne5 a6 9. b3 b4) 8. a4 {[%emt 0:00:49] E01: Catalan: Early deviations.} (8. e4 $11) 8... b4 $15 9. Nb1 Be7 {[%emt 0:01:04] [#]} (9... Ba6 $1 $17 10. Bg5 Rc8) 10. Re1 $146 (10. Bg5 $11 {keeps the balance.}) ({Predecessor:} 10. Qc2 Ba6 11. Re1 O-O 12. Nbd2 b3 13. Qb1 Nd5 14. Nf1 Nb4 15. Ne3 Nf6 16. Rd1 {½-½ (43) Agustsson,G-Darga,K Amsterdam 1954}) 10... O-O 11. e4 e5 ({Black should try} 11... a5 $17) 12. Nbd2 $11 Ba6 13. Bf1 $1 exd4 14. Nxc4 c5 15. a5 Ne8 16. e5 Nc7 17. Bd3 Bb7 18. Nfd2 f5 (18... Bd5 $15) 19. Nd6 $1 Bxd6 20. exd6 {[%emt 0:00:03] Hoping for a6.} Nd5 21. Nc4 $1 Qf6 22. a6 Bc6 {[%emt 0:00:02] Black wants to play ...Rae8.} 23. Qh5 {[%emt 0:01:41] Prevents Rae8. Black must now prevent Bg5.} g6 24. Qh6 {[%emt 0:00:11] Threatens to win with Bg5.} f4 (24... Rae8 $5 25. Bg5 Qf7 $11) 25. g4 {[%emt 0:00:31][%mdl 8192] [#]} (25. Bxf4 $11 Nxf4 26. gxf4 Qxf4 27. Qxf4 Rxf4 28. Ne5 Nxe5 29. Rxe5) 25... Rae8 (25... Ne3 $142 $1 26. Qh3 (26. fxe3 fxe3) 26... Rae8 $1) 26. Bd2 $2 {[%emt 0:00:02] [#]} (26. Rxe8 {nothing else works.} Rxe8 27. Bd2) 26... Ne5 $2 (26... Ne3 $1 $19 27. Qh3 (27. Bxe3 dxe3) 27... Bg2) 27. Nxe5 {[%emt 0:00:25] Dancing on a razor blade.} Rxe5 28. Rxe5 Qxe5 29. Re1 Qxd6 (29... Ne3 $5 30. fxe3 dxe3 $11) 30. Bc4 Qd7 {[%emt 0:01:06] [#]} (30... d3 $11) 31. Qg5 $1 $16 {[%emt 0:00:06] Strongly threatening Re5. White is much more active.} Kh8 (31... Rf7 $14) 32. h3 $40 {[%emt 0:00:13][%mdl 128] Qe5+ is the strong threat. White is out for blood.} Nf6 $2 (32... Qd6 $16) 33. Bxf4 {[%emt 0:00:08][%cal Bd2f4,Bf4e5,Be5f6][%mdl 32] This bishop pair is nice.} Bd5 34. Be5 Bxc4 35. Bxf6+ {[%emt 0:00:00][%mdl 64] Discovered Attack} Kg8 36. Re7 {[%emt 0:00:04][%mdl 64] Skewer} Qc6 37. Rg7+ {[%emt 0:00:04] White mates.} Kh8 38. Rxh7+ {[%emt 0:00:18][%mdl 64] Decoy} Kxh7 39. Qh4+ Kg8 40. Qh8+ Kf7 41. Qg7+ {[%emt 0:00:02][%mdl 64] Skewer} Ke6 42. Qe7+ Kd5 {Quite a comeback for White.  Weighted Error Value: White=0.43/Black=0.69} 1-0

[Event "Susha Chess Rapid Women 2022"]
[Site "Shusha"]
[Date "2022.09.22"]
[Round "3.3"]
[White "Dzagnidze, Nana"]
[Black "Mammadova, Gulnar"]
[Result "1-0"]
[ECO "A27"]
[WhiteElo "2526"]
[BlackElo "2382"]
[Annotator "TA"]
[PlyCount "87"]
[EventDate "2022.09.21"]
[EventType "tourn"]
[EventCountry "AZE"]
[SourceTitle "playchess.com"]
[Source "ChessBase"]
[SourceQuality "1"]
[TimeControl "900+10"]

1. c4 e5 2. Nc3 Nc6 3. Nf3 g6 4. d4 exd4 5. Nxd4 Bg7 6. Nxc6 bxc6 7. g3 d6 8. Bg2 Ne7 9. O-O O-O 10. Bg5 {[%emt 0:01:31] [#]} Bb7 $146 {[%emt 0:00:48] A27: English Opening: Three Knights Variation.} ({Predecessor:} 10... Be6 11. Qd3 Rb8 12. b3 c5 13. Rad1 h6 14. Bc1 Re8 15. Qd2 Kh7 16. Bb2 Ng8 17. Rfe1 Nf6 18. h3 {½-½ (33) So,W (2765)-Mamedyarov,S (2817) Kolkata 2018}) 11. Qd2 Qd7 12. Bh6 {[%emt 0:01:07] White is more active.} Qe6 {[%emt 0:00:23] White is slightly better.} 13. Bxg7 Kxg7 14. Rac1 Rab8 (14... h5 $14) 15. Qd4+ $16 Qe5 16. Qxa7 Nf5 17. Rfd1 h5 18. e4 Ne7 19. f4 Qe6 20. Qd4+ Kh7 21. c5 Rfd8 22. b3 h4 23. f5 Qe5 24. Qxe5 dxe5 25. Kf2 ({Don't play} 25. gxh4 $6 gxf5 26. exf5 Kg7 $16) 25... hxg3+ 26. hxg3 {[%emt 0:00:02] Hoping for f6.} ({Worse is} 26. Kxg3 gxf5 27. exf5 Nxf5+ 28. Kf2 Rxd1 29. Rxd1 Nd4 $11) 26... Kg7 (26... gxf5 $16 27. exf5 Kh6 28. Rh1+ Kg7) 27. fxg6 Kxg6 (27... Nxg6 {is a better defense.} 28. Rxd8 Rxd8) 28. Rxd8 $18 Rxd8 29. Rd1 {[%emt 0:00:02] Against Rd2+} Rc8 30. Rd7 Kf6 31. Bf1 {[%emt 0:00:12] Inhibits Ba6.} Ng8 $2 {[%emt 0:00:52] [#]} (31... Ke6) 32. Bc4 {[%emt 0:00:07] White is clearly winning.} Nh6 33. a4 Kg5 34. a5 Ng4+ 35. Kf3 Rf8 36. Rxf7 Rxf7+ 37. Bxf7 {[%emt 0:00:03][%mdl 4096] [#] Endgame Bc4 is the strong threat. KBN-KBN} Nf6 38. Be6 Ba6 39. Nd1 Nh7 40. Bc4 Bc8 41. a6 Kf6 42. a7 Bb7 43. Nf2 Ng5+ 44. Ke3 {[%emt 0:00:01] White took control after the opening.  Weighted Error Value: White=0.11 (very precise) /Black=0.38} 1-0

[Event "Susha Chess Rapid Women 2022"]
[Site "Shusha"]
[Date "2022.09.22"]
[Round "3.4"]
[White "Efroimski, Marsel"]
[Black "Balajayeva, Khanim"]
[Result "1-0"]
[ECO "C50"]
[WhiteElo "2462"]
[BlackElo "2379"]
[Annotator "TA"]
[PlyCount "103"]
[EventDate "2022.09.21"]
[EventType "tourn"]
[EventCountry "AZE"]
[SourceTitle "playchess.com"]
[Source "ChessBase"]
[SourceQuality "1"]
[TimeControl "900+10"]

1. e4 e5 2. Nf3 Nc6 3. Bc4 Nf6 4. d3 Bc5 5. c3 d6 6. O-O a6 7. a4 {[%emt 0:00:02] C54: Giuoco Piano: 4 c3 Nf6, main lines with 5 d4 and 5 d3.} Ba7 8. Re1 O-O 9. h3 {[%emt 0:00:01] White has an edge.} b5 10. Bb3 b4 11. Bg5 Rb8 12. Nbd2 h6 {[%emt 0:01:05] [#]} 13. Be3 $146 ({Predecessor:} 13. Bh4 Na5 14. Bc2 g5 15. Bg3 Nh5 16. Bh2 Qf6 17. Qe2 Kh8 18. d4 {0-1 (60) Kuosmanen,K (2225)-Maekelae,A (2247) ICCF email 2020}) 13... Bxe3 14. Rxe3 Na5 15. Bc2 c5 16. Nc4 (16. d4 $11) 16... Be6 (16... bxc3 $15 17. bxc3 Nxc4 18. dxc4 Be6) 17. Nxa5 $11 Qxa5 18. c4 (18. d4 $11) 18... Qc7 19. b3 Qe7 20. Nh2 Nh7 21. Qe2 Bd7 22. Rf1 Ng5 23. f4 $1 exf4 24. Rxf4 Ne6 25. Rf2 Nd4 26. Qd2 Rbe8 27. Nf3 Nxf3+ 28. Rexf3 Qe5 29. d4 cxd4 30. Rd3 (30. Qxb4 $5 Bc6 31. Rf5 $14) 30... f5 31. Rxd4 {[%emt 0:00:15] [#] aiming for Rd5.} fxe4 {[%emt 0:00:02] Threatens to win with ...Rxf2.} 32. Rxf8+ ({Not} 32. Rxe4 $2 Qa1+ 33. Kh2 Rxe4 34. Rxf8+ Kxf8 $19) 32... Rxf8 33. Bxe4 Kh8 {[%emt 0:00:39] White stays focused until the end.} (33... Be8 $1 $11 {keeps the balance.}) 34. Rxd6 $16 Qxe4 35. Rxd7 {[%emt 0:00:06][%mdl 4096] Endgame KQR-KQR} Qb1+ {[%emt 0:00:14] [#]} (35... Re8 $16 {keeps fighting.}) 36. Qd1 $1 $18 {[%emt 0:00:34] Active counter play!} ({But not} 36. Kh2 $6 Qxb3 37. Qd4 Qc3 $16) 36... Qb2 (36... Qe4 $142 37. Qd4 Qxd4+ 38. Rxd4 Rf6 39. Rd8+ Kh7) 37. Qd4 Qc1+ 38. Kh2 Qg5 39. c5 Rc8 40. Rd5 Qe7 41. Qxb4 Qc7+ 42. Rd6 Rb8 43. Qc4 {[%emt 0:00:49] b4 is the strong threat.} a5 {[%emt 0:00:01] Against b4} 44. Kh1 Qe7 $2 (44... Re8 45. Rd1 Qc6) 45. Rd1 Rc8 46. c6 Rc7 47. Qd5 Kh7 48. Qd3+ g6 49. Qd6 Kg8 50. Qxg6+ {[%emt 0:00:19] White mates.} Qg7 51. Qe8+ Kh7 52. Rd7 {[%emt 0:00:02] Weighted Error Value: White=0.19 (very precise) /Black=0.31} 1-0

[Event "Susha Chess Rapid Women 2022"]
[Site "Shusha"]
[Date "2022.09.22"]
[Round "3.5"]
[White "Mammadzada, Gunay"]
[Black "Ozturk Orenli, Kubra"]
[Result "1-0"]
[ECO "C99"]
[WhiteElo "2473"]
[BlackElo "2319"]
[Annotator "TA"]
[PlyCount "81"]
[EventDate "2022.09.21"]
[EventType "tourn"]
[EventCountry "AZE"]
[SourceTitle "playchess.com"]
[Source "ChessBase"]
[SourceQuality "1"]
[TimeControl "900+10"]

1. e4 e5 2. Nf3 Nc6 3. Bb5 a6 4. Ba4 Nf6 5. O-O b5 6. Bb3 Be7 7. Re1 d6 8. c3 O-O 9. h3 Na5 10. Bc2 c5 11. d4 Qc7 12. Nbd2 cxd4 13. cxd4 Nc6 14. Nb3 a5 {[%emt 0:00:47][%cal Ba6a5,Ba5a4][%mdl 32] C99: Closed Ruy Lopez: Chigorin Defence: 11 d4 Qc7 12 Nbd2 cxd4.} 15. a3 (15. Be3 $14) 15... a4 $15 16. Nbd2 exd4 {[%emt 0:00:20] [#] Black is slightly better.} (16... Nxd4 17. Nxd4 exd4 18. Nf3 $14) 17. Nf1 $146 ({Predecessor:} 17. b3 Ne5 18. Nxd4 Qc3 19. Rb1 Qxd4 20. Nf3 Qxd1 21. Bxd1 Nxe4 22. Nxe5 dxe5 23. Bf3 {0-1 (30) Law,K (1338)-Plyusnin,A (2031) ICCF email 2019}) 17... Nd7 18. Bf4 ({Better is} 18. b4) 18... Nde5 $17 19. Rc1 Qb6 20. Ng3 {[%emt 0:00:30] [#]} Re8 (20... g6 $1 $17 21. Bh6 Re8) 21. Nf5 $15 Bxf5 22. exf5 Bf6 23. Be4 {[%emt 0:02:18] Hoping for Bxe5.} Nc4 24. Bd5 (24. Bg5 $11) 24... Rxe1+ (24... Qc5 $17 25. Be4 (25. Rxe8+ Rxe8 26. Bxc4 bxc4 $17) 25... h6) 25. Nxe1 $11 Be5 $2 (25... h6 $11) 26. Nd3 $16 {[%emt 0:01:36] White is more active.} Bxf4 27. Nxf4 {[%emt 0:00:01] Qh5 is the strong threat.} Rf8 28. Bxc4 bxc4 29. Rxc4 Ne5 (29... d5 $142 30. Nxd5 Qb5 31. Qxa4 Qxa4 32. Rxa4 Rd8) 30. Rb4 $18 ({Not} 30. Rxa4 Qxb2 31. Rxd4 (31. Qxd4 Qxd4 32. Rxd4 Ra8 $16) 31... Qxa3 32. Rxd6 Qb4 $16) 30... Qc5 31. Rxd4 Nc4 (31... Rb8 $142 32. Rxa4 h6) 32. Rd5 $2 (32. f6 $18 {and White stays clearly on top.}) 32... Qc6 {[%emt 0:00:14] Black cannot hold the game after this.} (32... Nxb2 $16 {keeps fighting.} 33. Rxc5 Nxd1) 33. Qd4 h6 34. Nh5 f6 {[%emt 0:00:01] [#]} 35. Qg4 $1 Rf7 36. Rd4 Ne5 37. Qd1 Nc4 (37... Qc8 $142 38. Rxd6 (38. Rxa4 Qxf5 39. Nf4 Rb7 $16) 38... Qxf5) 38. Qc2 Rc7 39. Rg4 {[%emt 0:00:13] And now Nxf6+ would win.} d5 {[%emt 0:00:16] [#]} 40. Qc3 $1 {[%emt 0:00:11] Threatens to win with Qg3.} Kh7 $2 (40... Kh8 41. Nf4 Rb7) 41. Qg3 {[%emt 0:00:06] Weighted Error Value: White=0.30/Black=0.59} 1-0

[Event "Susha Chess Rapid Women 2022"]
[Site "Shusha"]
[Date "2022.09.22"]
[Round "4.1"]
[White "Balajayeva, Khanim"]
[Black "Ozturk Orenli, Kubra"]
[Result "0-1"]
[ECO "C47"]
[WhiteElo "2379"]
[BlackElo "2319"]
[Annotator "TA"]
[PlyCount "100"]
[EventDate "2022.09.21"]
[EventType "tourn"]
[EventCountry "AZE"]
[SourceTitle "playchess.com"]
[Source "ChessBase"]
[SourceQuality "1"]
[TimeControl "900+10"]

1. e4 e5 2. Nf3 Nc6 3. Nc3 Nf6 4. a3 Bd6 5. Bc4 O-O 6. d3 {[%emt 0:00:01] C47: Scotch Four Knights and Four Knights with 4 g3.} h6 7. O-O Re8 8. Re1 {[%emt 0:02:05] White is slightly better.} Bf8 9. d4 {[%emt 0:00:53] [#]} (9. Bd2 $14) 9... d6 $146 ({Predecessor:} 9... exd4 10. Nxd4 Nxd4 11. Qxd4 d6 12. h3 Be6 13. Bf4 Bxc4 14. Qxc4 Nd7 15. Rad1 Nb6 {½-½ (38) Peltola,L (1966)-Grahn,L (2024) Mali Losinj 2019}) 10. h3 exd4 11. Nxd4 d5 12. Nxd5 Nxd5 13. Bxd5 {[%emt 0:00:02] This move loses the game for White.} (13. Nxc6 $1 $11 bxc6 14. exd5) 13... Nxd4 $19 14. Qxd4 c6 15. c4 (15. Bd2 $142) 15... cxd5 16. cxd5 b6 {[%emt 0:00:16][%cal Bb7b6,Bb6c5][%mdl 32] Hoping for ...Qh4.} 17. Bf4 Bb7 18. Rad1 Qh4 19. Bg3 {[%emt 0:00:13] [#]} (19. Qe3 {was worth a try.}) 19... Qxg3 $3 20. fxg3 Bc5 21. Qxc5 bxc5 22. Kf2 Re5 23. g4 Rae8 24. Rc1 Rxe4 25. Rxe4 Rxe4 26. Rxc5 {[%emt 0:00:01][%mdl 4096] Endgame KRB-KR} Rd4 27. Rb5 Bxd5 28. Rb8+ Kh7 29. Rd8 Rd1 30. Rd7 a5 31. b4 axb4 32. axb4 Bb3 33. Rc7 Rb1 34. g3 Bd5 35. Rc5 Be6 36. Rb5 Rb2+ 37. Kf3 Rb3+ 38. Kf2 Bc4 39. Rb8 Bd5 40. Rb5 Be4 41. Rb8 Kg6 42. h4 h5 43. gxh5+ Kxh5 44. Rb5+ f5 {[%emt 0:00:04] ( -> ...Rf3+)} 45. Rb6 g6 {[%emt 0:00:35] Threatens to win with ...Rf3+.} 46. Rb8 Kg4 47. Rg8 Rf3+ 48. Ke2 Rxg3 49. Rxg6+ Kxh4 50. Rf6 Kg5 {[%emt 0:00:06] Weighted Error Value: White=0.39/Black=0.07 (flawless)} 0-1

[Event "Susha Chess Rapid Women 2022"]
[Site "Shusha"]
[Date "2022.09.22"]
[Round "4.2"]
[White "Efroimski, Marsel"]
[Black "Fataliyeva, Ulviyya"]
[Result "0-1"]
[ECO "B13"]
[WhiteElo "2462"]
[BlackElo "2408"]
[Annotator "TA"]
[PlyCount "68"]
[EventDate "2022.09.21"]
[EventType "tourn"]
[EventCountry "AZE"]
[SourceTitle "playchess.com"]
[Source "ChessBase"]
[SourceQuality "1"]
[TimeControl "900+10"]

1. e4 c6 2. d4 d5 3. exd5 cxd5 4. c3 Nc6 5. Bd3 Nf6 6. Bf4 Bg4 7. Qb3 e5 {[%emt 0:00:20] B13: Caro-Kann: Exchange Variation and Panov-Botvinnik Attack.} 8. Bxe5 {[%emt 0:01:29] 8.h3 is becoming the main line.} Qe7 9. Ne2 {[%emt 0:00:46] Black must now prevent Bxf6.} (9. h3 {is interesting.} Nxe5 10. dxe5 Qxe5+ 11. Ne2) 9... Nxe5 {[%emt 0:01:11] The position is equal.} ({Don't play} 9... Bxe2 10. Bxf6 (10. Bxe2 Nxe5 11. dxe5 Qxe5 $11) 10... gxf6 11. Bxe2 $16) 10. dxe5 Qxe5 11. Qxb7 $2 (11. h3 $11 Bxe2 12. Qb5+ Kd8 13. Bxe2) 11... Rb8 $19 12. Qxa7 {[%emt 0:00:29] [#]} Bxe2 $146 ({And not} 12... Rxb2 13. Qa8+ Rb8 14. Qa4+ Bd7 15. Qd4 $11) ({Predecessor:} 12... Rxb2 13. Qa8+ Kd7 14. Qa7+ Kd8 15. Qa8+ Kc7 16. Qa7+ Kd8 17. Qa8+ Kc7 18. Qa7+ {½-½ (18) Stukopin,A (2598)-Postny,E (2586) Rockville 2018}) 13. Bxe2 Rxb2 14. Qa8+ {[%emt 0:00:53] [#]} Rb8 $2 ({Black should try} 14... Kd7 $1 $19 15. Nd2 Bd6 16. Qa7+ (16. Qxh8 Rxd2 17. Kxd2 Ne4+ 18. Kd1 Nxc3+ 19. Kc2 Qxe2+ 20. Kxc3 Be5+ 21. Kb4 Qb2+ 22. Ka5 Qc3+ 23. Ka4 Qc2+ 24. Kb4 Bd6+ 25. Ka5 Qc5+ 26. Ka6 Qc4+ 27. Kb7 Qb5+ 28. Ka7 Bc5+ 29. Ka8 Qa6+ 30. Kb8 Bd6#) 16... Ke6) 15. Qa4+ Nd7 16. Qc2 (16. Nd2 {is more complex.} Bc5 17. Rc1 Qg5 18. g3) 16... Bd6 17. Nd2 Rc8 18. Nf3 Qf6 19. O-O {[%emt 0:00:15] Hoping for Bb5.} O-O 20. Qd3 Rfe8 21. Rfe1 Rxc3 22. Qxd5 Rc5 23. Qd2 Ne5 24. Rad1 Bc7 25. Qb4 Rc6 26. Qb5 Rce6 {[%emt 0:00:04] Strongly threatening ...Nxf3+.} 27. Nd4 $40 {[%emt 0:00:06][%mdl 128] White has some attack.} Ng4 $2 28. Qxe8+ $4 Rxe8 {[%emt 0:00:02] Dancing on a razor blade.} 29. Bxg4 Rxe1+ 30. Rxe1 h5 31. Re8+ Kh7 32. Bf5+ g6 33. h3 {[%emt 0:00:20] [#]} (33. Bxg6+ $19 Kxg6 34. Nf3) 33... Qxd4 34. Re7 Qd1+ {[%emt 0:00:02] Quite a comeback for Black.  Weighted Error Value: White=0.64/Black=0.39} 0-1

[Event "Susha Chess Rapid Women 2022"]
[Site "Shusha"]
[Date "2022.09.22"]
[Round "4.3"]
[White "Zawadzka, Jolanta"]
[Black "Dzagnidze, Nana"]
[Result "1/2-1/2"]
[ECO "B15"]
[WhiteElo "2401"]
[BlackElo "2526"]
[Annotator "TA"]
[PlyCount "81"]
[EventDate "2022.09.21"]
[EventType "tourn"]
[EventCountry "AZE"]
[SourceTitle "playchess.com"]
[Source "ChessBase"]
[SourceQuality "1"]
[TimeControl "900+10"]

1. e4 c6 2. d4 d5 3. Nd2 dxe4 4. Nxe4 Nf6 5. Nxf6+ exf6 6. c3 Bd6 7. Bd3 O-O 8. Ne2 Re8 9. O-O {[%emt 0:00:04] B15: Caro-Kann: 3 Nc3: 3...g6 and 3...dxe4 4 Nxe4 Nf6 5 Nxf6+ exf6.} Nd7 10. Ng3 Nf8 11. f4 {[%emt 0:00:16] White has an edge.} c5 12. d5 g6 {[%emt 0:00:08] [#]} 13. b3 $146 ({Predecessor:} 13. c4 f5 14. Bd2 Be7 15. Bc3 Bf6 16. Qd2 Qd6 17. Rae1 Bd7 18. Ne2 Re7 19. g3 {½-½ (30) Amiridou,D (1868)-Jakubowska,A (2138) Thessaloniki 2022}) 13... f5 14. c4 Be7 15. Bb2 Bf6 16. Qd2 Bd7 17. Rae1 Bxb2 18. Qxb2 Rxe1 19. Rxe1 Qh4 20. Qf2 {[%emt 0:03:55] White is more active.} b6 21. Ne4 Qxf2+ 22. Nxf2 h6 23. g3 Nh7 24. Kg2 Nf6 25. Kf3 Kf8 26. Bc2 Ne8 27. Nd3 Nd6 28. Ne5 Be8 29. Ke3 f6 30. Nf3 Bd7 31. Kd2 Re8 32. Rxe8+ Bxe8 $14 {[%emt 0:00:03][%mdl 4096] Endgame KBN-KBN} 33. Kc3 a5 34. Nd2 Ke7 35. a3 h5 36. b4 axb4+ 37. axb4 Nb7 38. Nf3 Nd6 39. Nd2 Nb7 $1 40. Nf3 Nd6 41. Nd2 {Against Ne4+.  Weighted Error Value: White=0.10 (very precise) /Black=0.05 (flawless)} ({White should try} 41. b5 $14) 1/2-1/2

[Event "Susha Chess Rapid Women 2022"]
[Site "Shusha"]
[Date "2022.09.22"]
[Round "4.4"]
[White "Beydullayeva, Govhar"]
[Black "Arabidze, Meri"]
[Result "1/2-1/2"]
[ECO "E11"]
[WhiteElo "2346"]
[BlackElo "2422"]
[Annotator "TA"]
[PlyCount "146"]
[EventDate "2022.09.21"]
[EventType "tourn"]
[EventCountry "AZE"]
[SourceTitle "playchess.com"]
[Source "ChessBase"]
[SourceQuality "1"]
[TimeControl "900+10"]

1. d4 Nf6 2. c4 e6 3. Nf3 Bb4+ 4. Nbd2 O-O 5. a3 Be7 6. e4 d6 {[%emt 0:00:02][%cal Oe6e5] E11: Bogo-Indian.} 7. Bd3 e5 8. h3 Nfd7 9. O-O exd4 10. Nxd4 Bf6 11. N2f3 {[%emt 0:00:37] [#]} Nc6 $146 ({Predecessor:} 11... Re8 12. Bc2 Nc6 13. Rb1 Nde5 14. Nxc6 Nxc6 15. Be3 b6 16. b3 Bb7 17. Re1 Qe7 {0-1 (46) Madebrink,L (2147)-Blomqvist,E (2507) Lidkoping 2019}) 12. Be3 Re8 13. Qc2 Nxd4 14. Bxd4 Ne5 15. Bxe5 Bxe5 16. Rad1 Qf6 17. Nxe5 (17. b4 {with more complications.} Qg6 18. Nxe5 dxe5 19. Kh2) 17... dxe5 18. c5 Qg5 19. Kh1 Qh4 20. f3 Re6 (20... Bd7 $14) 21. Qf2 Qe7 22. Bc4 Rh6 23. Qg3 Bd7 24. Rd5 Re8 25. b4 (25. Rd3 {keeps more tension.} b5 26. cxb6 axb6 27. Rfd1) 25... Rg6 26. Qf2 Rh6 27. Rfd1 Bc6 28. R5d3 {[%emt 0:00:13] [#] Threatens to win with b5.} a6 {[%emt 0:00:07] Inhibits b5.} 29. Qd2 Rf8 30. Qc2 {[%emt 0:00:20] White is more active.} Kh8 31. a4 f5 32. Bd5 fxe4 33. Bxe4 (33. fxe4 {feels hotter.} Qh4 34. Kh2 Qf4+ 35. Kg1) 33... Bxe4 34. fxe4 Qh4 35. Rd7 Rhf6 {[%emt 0:00:13] White must now prevent ...Rf1+.} 36. Qd3 {[%emt 0:00:04] Prevents Rf1+.} ({Don't blunder} 36. Rxc7 $2 Rf1+ 37. Rxf1 Rxf1+ 38. Kh2 Qf4+ 39. g3 Rf2+ 40. Qxf2 Qxf2+ $19) 36... h6 37. Rd8 Kh7 38. Rxf8 Rxf8 $11 {[%emt 0:00:01][%mdl 4096] Endgame KQR-KQR} 39. b5 axb5 40. axb5 Rf2 41. Qe3 Rb2 42. Qf3 Qf4 $40 {[%emt 0:00:19][%mdl 128] Black has some attack.} 43. Qd3 Qf2 44. Rg1 (44. Qf3 $11 {remains equal.}) 44... Qxc5 $17 45. Qd7 Rf2 {[%emt 0:00:14] Inhibits Qf5+.} ({But not} 45... Qxb5 $6 46. Qf5+ Kg8 47. Qc8+ Kf7 48. Qf5+ Kg8 49. Qc8+ Kh7 50. Qf5+ Kh8 51. Qf8+ Kh7 52. Qf5+ $11) 46. Qe8 (46. Kh2 $142) 46... Qd6 47. Qc8 b6 48. Qe8 (48. Kh2 $142) 48... Qg6 ({Better is} 48... Re2 $17 49. Qf7 Rxe4) 49. Qxe5 $11 Rc2 50. Qd4 {[%emt 0:00:12] [#]} (50. Qf4 $1 $11) 50... Re2 (50... Qg3 $1 $17) 51. Qc4 Qxe4 52. Qxc7 {[%emt 0:00:01] The position is equal.} Re3 {[%emt 0:00:03] ( -> ...Rxh3+)} 53. Kh2 Qe5+ 54. Qxe5 Rxe5 {[%emt 0:00:01] KR-KR} 55. Rb1 Kg6 56. Kg3 Rf5 57. Rb4 Kf6 58. Kg4 Rg5+ 59. Kf3 Ke6 60. h4 Re5 61. Rg4 Kf6 {[%emt 0:00:22] Prevents Rg6+.} 62. Rb4 h5 63. g4 hxg4+ 64. Kxg4 Ke6 65. h5 Kd6 66. Kh4 Ke6 67. Rg4 Rxb5 68. Rxg7 Rb1 69. Rb7 Kf6 70. h6 Rh1+ 71. Kg4 Rxh6 {[%emt 0:00:05] aiming for ...Ke5.} 72. Rxb6+ Kg7 73. Rxh6 Kxh6 {[%emt 0:00:01] Weighted Error Value: White=0.14 (very precise) /Black=0.15 (very precise)} 1/2-1/2